 Dungeon Crawl Stone Soup version 0.28-a0-1002-gf00fe891ef (webtiles) character file.

Game seed: 7035883927585961485

19352 ytrimaz the Martial Artist (level 12, -9/100 HPs)
             Began as an Octopode Transmuter on Dec 6, 2021.
             Was an Initiate of Ashenzari.
             Killed by a magical explosion (50 damage)
             ... on level 13 of the Dungeon on Dec 7, 2021.
             The game lasted 00:26:06 (11723 turns).

ytrimaz the Martial Artist (Octopode Transmuter)   Turns: 11723, Time: 00:26:07

Health: -9/100     AC: 13    Str: 11    XL:     12   Next: 68%
Magic:  4/25       EV: 15    Int: 19    God:    Ashenzari [......]
Gold:   394        SH:  0    Dex: 12    Spells: 9/29 levels left

rFire   x . .      SeeInvis .     - Unarmed
rCold   + + +      Faith    .   (shield currently unavailable)
rNeg    . . .      Spirit   .   (helmet currently unavailable)
rPois   +          Reflect  .   a - amulet of regeneration
rElec   .          Harm     .   h - +4 ring of evasion
rCorr   +          Rampage  .   m - +4 ring of protection
Will    .....                   x - ring of resist corrosion
Stlth   +.........              (no ring)
HPRegen 1.86/turn               (no ring)
MPRegen 0.19/turn               (no ring)
                                (no ring)
                                (no ring)

@: ice-form, impossibly contaminated, glowing
A: freezing attack, boosted hp, almost no armour, amphibious, 8 rings, large,
(camouflage 1), (gelatinous body 1), (nimble swimmer 1), (tentacles),
regeneration 1, (shaggy fur 2)
a: End Transformation, Renounce Religion, Curse Item


You were on level 13 of the Dungeon.
You worshipped Ashenzari.
Ashenzari was noncommittal.
You were a creature of crystalline ice.
You visited 2 branches of the dungeon, and saw 14 of its levels.

You collected 696 gold pieces.
You spent 302 gold pieces at shops.

Inventory:

Armour
 t - the +3 hat of Pondering (melded) {ponderous, Will+ MP+10 Int+5}
   (You took it off Gastronok on level 8 of the Dungeon)

   Int:       It affects your intelligence (+5).
   MP:        It affects your magic capacity (+10).
   Will:      It increases your willpower.
Jewellery
 a - an amulet of regeneration (around neck)
 d - a ring of ice
 e - an amulet of magic regeneration
 h - a +4 ring of evasion (left front paw)
 j - a ring of ice
 m - a +4 ring of protection (right front paw)
 n - an amulet of the acrobat
 x - a ring of resist corrosion (on tentacle)
Wands
 i - a wand of paralysis (8)
 o - a wand of acid (13)
 q - a wand of polymorph (4)
 v - a wand of flame (12)
Scrolls
 f - 2 scrolls of teleportation
 p - 2 scrolls of noise
 r - 2 scrolls of fear
 y - a scroll of blinking
 z - a scroll of magic mapping
 A - 2 scrolls of identify
 B - a scroll of amnesia
 C - a scroll of fog
 D - a scroll of torment
Potions
 b - 2 potions of magic
 c - 6 potions of curing
 g - 4 potions of attraction
 k - a potion of lignification
 l - 3 potions of haste
 s - a potion of resistance
 u - a potion of flight
 w - a potion of brilliance


   Skills:
 + Level 8.3 Fighting
 + Level 4.8 Dodging
 + Level 12.6 Unarmed Combat
 * Level 9.4 Spellcasting
 * Level 9.5 Transmutations
 - Level 2.0 Ice Magic
 - Level 2.3 Poison Magic


You had 9 spell levels left.
You knew the following spells:

 Your Spells              Type           Power      Damage    Failure   Level
a - Beastly Appendage     Tmut           90%        N/A       1%          1
b - Spider Form           Tmut/Pois      31%        N/A       1%          3
c - Ice Form              Ice/Tmut       31%        N/A       8%          4
d - Blade Hands           Tmut           22%        N/A       4%          5
e - Dragon Form           Tmut           22%        N/A       80%         7

Your spell library contained the following spells:

 Spells                   Type           Power      Damage    Failure   Level
 Wereblood                Tmut           45%        N/A       1%          2
 Ensorcelled Hibernation  Hex/Ice        24%        N/A       8%          2
 Irradiate                Conj/Tmut      13%        3d18      30%         5
 Summon Ice Beast         Ice/Summ       12%        N/A       45%         4
 Summon Mana Viper        Hex/Summ       8%         N/A       91%         5
 Monstrous Menagerie      Summ           4%         N/A       100%        7


Dungeon Overview and Level Annotations

Branches:
Dungeon (13/15)            Temple (1/1) D:7            Lair (0/6) D:11
    Orc (0/2) D:10
 Vaults: D:13-14

Altars:
Ashenzari
Cheibriados
Dithmenos
Elyvilon
Fedhas
Gozag
Hepliaklqana
Kikubaaqudgha
Makhleb
Nemelex Xobeh
Okawaru
Qazlal
Ru
Sif Muna
Trog
Uskayaw
Vehumet
Wu Jian
Xom
Yredelemnul
Zin
The Shining One

Shops:
D:1 [   D:6 !(!*   D:11 (

Portals:
Bailey: D:13

Annotations:
D:3 1 runed translucent door, Crazy Yiuf
D:7 2 transporters
D:8 2 transporters, chunkyMonkey's ghost, novice VSFi
D:12 2 transporters, Zewas's ghost, journeyman HuFi


Innate Abilities, Weirdness & Mutations

You are a creature of crystalline ice.
You have a powerful freezing melee attack.
Your maximum health is increased.
Your armour is entirely melded.
You are incapable of wielding weapons or throwing items.
You cannot wear most types of armour.
You are amphibious.
You can wear up to eight rings at the same time.
((Your skin changes colour to match your surroundings (Stealth+).))
((Your rubbery body absorbs attacks. (AC +1, EV +1)))
((You are camouflaged near water. (Stealth+)))
((You have tentacles for arms and can constrict up to eight enemies at once.))
Your natural rate of healing is unusually fast.
((You are covered in thick fur. (AC +2)))


Message History

Casting: Ice Form (dangerous; 8% risk of failure)
Confirm with . or Enter, or press ? or * to list all spells.
Okay, then.
Casting: Ice Form (dangerous; 8% risk of failure)
Confirm with . or Enter, or press ? or * to list all spells.
Okay, then.
Casting: Ice Form (dangerous; 8% risk of failure)
Confirm with . or Enter, or press ? or * to list all spells.
The spell is extremely dangerous to miscast (80% risk of failure)!
Continue anyway?
You miscast Dragon Form.
You are lightly contaminated with residual magic.
Your body is flooded with distortional energies.
You are contaminated with residual magic.
The goblin barely misses you. The goblin misses you.
The goblin closely misses you.
Unknown command.
Casting: Dragon Form (extremely dangerous; 80% risk of failure)
Confirm with . or Enter, or press ? or * to list all spells.
The spell is extremely dangerous to miscast (80% risk of failure)!
Continue anyway?
You miscast Dragon Form.
Multicoloured lights dance before your eyes.
You are practically glowing with residual magic!
The goblin hits you. The goblin barely misses you.
The goblin closely misses you. The fire dragon bites you!
The fire dragon completely misses you.
The fire dragon tramples you but does no damage.
Casting: Dragon Form (extremely dangerous; 80% risk of failure)
Confirm with . or Enter, or press ? or * to list all spells.
The spell is extremely dangerous to miscast (80% risk of failure)!
Continue anyway?
You miscast Dragon Form.
Strange energies run through your body.
You are engulfed in a nimbus of crackling magics!
The goblin closely misses you. The goblin misses you. x2
The fire dragon breathes flames at you. The blast of flame hits you!!!
The fire burns you terribly!
Ouch! That really hurt!
You hear a roar!
Your body shudders with the violent release of wild energies!
The magical storm engulfs you!!!
Ouch! That really hurt!
You die...

#.......# . #.......
..##....... #.........
#! #..≈≈≈≈≈.+## #.
.##.≈.>.≈... #.#
.....≈.∩.≈.# ..#
#######.##..≈..gYg#
#####.#
.........##.≈≈≈D≈g##+###
#......
....)....##.......()...#
#......
...........####........#
#.....< .........#
#.......># #......
...<.D...#
#........####......
######.###
+........##........
#........'..#......
#........##########


You could see a fire dragon (catching breath) and 3 goblins.

Vanquished Creatures
  Gastronok (D:8)
  Fannar (D:12)
  A hydra (D:11)
  Erica (D:8)
  2 two-headed ogres
  3 skeletal warriors (D:12)
  Pikel (D:7)
  A deep elf pyromancer (D:12)
  A manticore (D:11)
  A cyclops (D:11)
  2 centaur zombies
  Joseph (D:7)
  2 unseen horrors
  Maggie (D:8)
  A troll (D:9)
  A hornet (D:7)
  Grinder (D:3)
  A wolf spider simulacrum (D:12)
  4 slime creatures (D:9)
  A shadow (D:6)
  A vampire (D:12)
  Eustachio (D:6)
  A wraith (D:11)
  Sigmund (D:6)
  4 steam dragons
  A wyvern (D:8)
  22 yaks
  2 wargs (D:11)
  An acid dragon (D:11)
  6 orc warriors
  A hornet zombie (D:8)
  A black bear (D:6)
  2 sky beasts (D:6)
  A necrophage (D:5)
  4 centaurs
  3 phantoms
  3 kobold brigands
  A wyvern zombie (D:6)
  A gnoll sergeant (D:11)
  4 bullfrogs
  5 scorpions
  4 wights
  2 electric eels (D:6)
  A howler monkey (D:12)
  A bullfrog zombie (D:5)
  4 hounds
  3 jellies
  10 orc priests
  Jessica (D:3)
  Ijyb (D:4)
  5 orc wizards
  4 iguanas
  A hound skeleton (D:4)
  Robin (D:4)
  8 gnolls
  11 adders
  A shadow imp (D:6)
  4 white imps
  An ufetubus (D:4)
  A dart slug (D:2)
  34 orcs
  2 bats
  5 endoplasms
  A giant cockroach (D:3)
  15 goblins
  4 hobgoblins
  A quokka (D:4)
  6 ball pythons
  A frilled lizard (D:3)
  12 kobolds
  7 rats
246 creatures vanquished.

Notes
Turn   | Place    | Note
-------+----------+-------------------------------------------
     0 | D:1      | ytrimaz the Octopode Transmuter began the quest for the
                  | Orb.
     0 | D:1      | Reached XP level 1. HP: 13/13 MP: 3/3
     8 | D:1      | Found Cutockic's Antique Armour Emporium.
   194 | D:1      | Reached XP level 2. HP: 17/18 MP: 5/5
   487 | D:2      | Found a blossoming altar of Fedhas.
   614 | D:2      | Reached XP level 3. HP: 20/23 MP: 6/6
  1315 | D:3      | Noticed Sigmund
  1318 | D:3      | Found a hide-covered altar of Uskayaw.
  1318 | D:3      | Found a glowing golden altar of the Shining One.
  1333 | D:3      | Noticed Jessica
  1347 | D:2      | Learned a level 3 spell: Spider Form
  1431 | D:3      | Noticed Grinder
  1444 | D:3      | HP: 1/23 [Grinder/nerve-wracking pain (9)]
  1446 | D:3      | Killed Grinder
  1447 | D:3      | Reached skill level 4 in Unarmed Combat
  1447 | D:3      | Reached XP level 4. HP: 4/30 MP: 4/9
  1447 | D:3      | Reached XP level 5. HP: 5/35 MP: 4/10
  1447 | D:3      | Reached XP level 6. HP: 5/40 MP: 4/11
  2044 | D:3      | Killed Jessica
  2330 | D:3      | Found a runed translucent door.
  2331 | D:3      | Noticed Crazy Yiuf
  2384 | D:4      | Noticed Robin
  2415 | D:4      | Killed Robin
  2836 | D:4      | Noticed Ijyb
  2841 | D:4      | Paralysed by Ijyb for 4 turns
  2851 | D:4      | Killed Ijyb
  3075 | D:4      | Reached XP level 7. HP: 31/46 MP: 10/13
  3130 | D:4      | Reached skill level 1 in Poison Magic
  3135 | D:4      | Reached skill level 5 in Unarmed Combat
  3336 | D:5      | Entered Level 5 of the Dungeon
  3574 | D:5      | Learned a level 4 spell: Ice Form
  3712 | D:5      | Reached XP level 8. HP: 50/52 MP: 12/14
  4005 | D:6      | Reached skill level 6 in Unarmed Combat
  4053 | D:6      | Reached skill level 5 in Transmutations
  4111 | D:6      | Reached skill level 5 in Spellcasting
  4206 | D:6      | Noticed Eustachio
  4224 | D:6      | Killed Eustachio
  4318 | D:6      | Killed Sigmund
  4375 | D:6      | Found Huijy's Assorted Antiques.
  4510 | D:6      | Found Ojaad's Distillery.
  4558 | D:6      | Bought a potion of mutation for 104 gold pieces
  4562 | D:6      | Found Ytuit's Weapon Shoppe.
  4586 | D:6      | Reached XP level 9. HP: 19/59 MP: 14/17
  4702 | D:6      | Reached skill level 7 in Unarmed Combat
  4916 | D:6      | Found Kegaph's Distillery.
  4924 | D:6      | Bought a potion of heal wounds for 55 gold pieces
  4924 | D:6      | Bought a potion of mutation for 88 gold pieces
  4924 | D:6      | Bought a potion of berserk rage for 55 gold pieces
  5286 | D:7      | Noticed Pikel
  5288 | D:7      | Reached skill level 5 in Fighting
  5298 | D:7      | Noticed a hornet
  5420 | D:7      | Noticed Joseph
  5443 | D:7      | Killed Joseph
  5453 | D:7      | Killed a hornet
  5454 | D:7      | Reached skill level 8 in Unarmed Combat
  5476 | D:7      | Gained mutation: You are frail. (-10% HP) [potion of
                  | mutation]
  5476 | D:7      | Gained mutation: One of your tentacles bears a spike.
                  | [potion of mutation]
  5477 | D:7      | Lost mutation: You are frail. (-10% HP) [potion of
                  | mutation]
  5477 | D:7      | Lost mutation: One of your tentacles bears a spike. [potion
                  | of mutation]
  5477 | D:7      | Gained mutation: You are agile. (Dex +2) [potion of
                  | mutation]
  5575 | D:7      | Reached skill level 1 in Ice Magic
  5624 | D:7      | Killed Pikel
  5625 | D:7      | Reached XP level 10. HP: 40/68 MP: 17/20
  6095 | D:7      | Found a transporter.
  6115 | D:7      | Found a staircase to the Ecumenical Temple.
  6198 | D:7      | Found a transporter.
  6514 | D:8      | Noticed Gastronok
  6515 | D:8      | Found a transporter.
  6517 | D:8      | Found a transporter.
  6519 | D:8      | Noticed chunkyMonkey's ghost (novice VSFi)
  6540 | D:8      | Killed Gastronok
  6541 | D:8      | Reached skill level 9 in Unarmed Combat
  6721 | D:8      | Noticed Erica
  6729 | D:8      | Killed Erica
  6783 | D:8      | Noticed Maggie
  6797 | D:8      | Killed Maggie
  6798 | D:8      | Reached skill level 10 in Unarmed Combat
  6798 | D:8      | Reached XP level 11. HP: 20/74 MP: 18/22
  7218 | Temple   | Entered the Ecumenical Temple
  7525 | Temple   | Became a worshipper of Ashenzari the Shackled
  8333 | D:9      | HP: 2/90 [slime creature (6)]
  8747 | D:10     | Entered Level 10 of the Dungeon
  8760 | D:10     | Found a staircase to the Orcish Mines.
  8830 | D:10     | Reached skill level 11 in Unarmed Combat
  8935 | D:10     | Noticed a two-headed ogre
  8945 | D:10     | Killed a two-headed ogre
  9451 | D:10     | Learned a level 5 spell: Blade Hands
  9656 | D:10     | Learned a level 7 spell: Dragon Form
  9685 | D:10     | Lost mutation: You are agile. (Dex +2) [potion of mutation]
  9685 | D:10     | Gained mutation: Your flesh is heat resistant. (rF+)
                  | [potion of mutation]
  9685 | D:10     | Gained mutation: You are frail. (-10% HP) [potion of
                  | mutation]
  9686 | D:10     | Lost mutation: Your flesh is heat resistant. (rF+) [potion
                  | of mutation]
  9686 | D:10     | Lost mutation: You are frail. (-10% HP) [potion of
                  | mutation]
  9686 | D:10     | Gained mutation: You are covered in fur. (AC +1) [potion of
                  | mutation]
  9686 | D:10     | Gained mutation: You are covered in thick fur. (AC +2)
                  | [potion of mutation]
  9686 | D:10     | Gained mutation: Your natural rate of healing is unusually
                  | fast. [potion of mutation]
  9698 | D:11     | Found Lonenawo's Antique Weapon Emporium.
  9714 | D:11     | Noticed a two-headed ogre
  9721 | D:11     | Killed a two-headed ogre
  9891 | D:11     | Reached XP level 12. HP: 67/82 MP: 24/24
  9918 | D:11     | Found a staircase to the Lair.
 10026 | D:11     | Reached skill level 12 in Unarmed Combat
 10265 | D:11     | Noticed an eight-headed hydra
 10278 | D:11     | Killed an eight-headed hydra
 10800 | D:12     | Noticed Fannar
 10820 | D:12     | Killed Fannar
 10891 | D:12     | Found a transporter.
 10939 | D:12     | Noticed a purple very ugly thing
 10940 | D:12     | Noticed Zewas's ghost (journeyman HuFi)
 10950 | D:12     | Noticed a two-headed ogre
 10960 | D:12     | Found a transporter.
 11535 | D:12     | Noticed a shock serpent
 11692 | D:13     | Noticed a fire dragon
 11713 | D:13     | Found a flagged portal.
 11723 | D:13     | Killed by a magical explosion

Illustrated notes

Levels and vault maps discovered:
D:1:      amcnicky_arrival_gap_in_the_tavern_cellar, layout_rooms, serial_shops,
          shop
D:2:      layout_basic, basic_altar
D:3:      layout_basic, chequers_temple_overflow_statue_of_worship, hex_medium,
          minmay_bisected, uniq_crazy_yiuf_cottage, uniq_jessica, uniq_sigmund,
          uniq_grinder
D:4:      minmay_thinvault, layout_cave_pools, uniq_ijyb, uniq_robin
D:5:      layout_basic
D:6:      layout_basic, serial_curves, eino_curves_04, eino_curves_03,
          serial_shops, shop, kennysheep_little_box,
          nicolae_shop_advertising_works [nicolae_subvault_shop_adworks],
          shop_coins, kennysheep_generic_room_16, uniq_eustachio
D:7:      gammafunk_cloud_chamber, layout_cave_pools,
          minmay_temple_entry_from_below_a, minmay_misc_feat_iff, uniq_pikel,
          uniq_joseph
D:8:      layout_basic, gammafunk_ghost_hive, uniq_gastronok, uniq_maggie,
          uniq_erica
D:9:      layout_irregular_city
D:10:     layout_basic, orc_0_dummy
D:11:     layout_basic, erik_lair_orcish_takeover, serial_shops,
          nicolae_stop_n_shop_2
D:12:     layout_basic, nzn_ghost_randoct, uniq_fannar
D:13:     layout_roguey, enter_bailey_5, uniq_snorg
Temple:   mainiacjoe_temple_cubbyholes

Skill      XL: |  1  2  3  4  5  6  7  8  9 10 11 12 |
---------------+-------------------------------------+-----
Fighting       | 2 3 4 5 6 7 8 |  8.3
Unarmed Combat | 4 5 6 8 10 11 12 | 12.6
Spellcasting   | 3 4 5 6 7 8 9 |  9.4
Transmutations | 3 4 5 7 8 9 |  9.5
Poison Magic   | 1 2 |  2.3
Ice Magic      | 1 2 |  2.0
Dodging        | 4 |  4.8

Action                   |  1- 3 |  4- 6 |  7- 9 | 10-12 || total
-------------------------+-------+-------+-------+-------++-------
Melee: Unarmed           |    65 |   101 |   269 |   425 ||   860
       Kick              |    11 |     5 |    25 |       ||    41
       Constrict         |    14 |     6 |    24 |     5 ||    49
       Tentacles         |     7 |     5 |    38 |     8 ||    58
       Punch             |       |     2 |     5 |     8 ||    15
       Tailslap          |       |       |       |     1 ||     1
       Bite              |       |       |       |     1 ||     1
 Cast: Beastly Appendage |    15 |     9 |    16 |     2 ||    42
       Spider Form       |     1 |     7 |    10 |     1 ||    19
       Ice Form          |       |       |     5 |    27 ||    32
       Blade Hands       |       |       |       |     8 ||     8
       Dragon Form       |       |       |       |     1 ||     1
  Use: Scroll            |     3 |       |    10 |     7 ||    20
       Potion            |       |       |     5 |     4 ||     9
 Stab: Sleeping          |     2 |     3 |     3 |       ||     8
Armor: Skin              |     7 |     4 |    41 |   161 ||   213
Dodge: Dodged            |    48 |    95 |   190 |   319 ||   652

Table legend: (Time is in decaauts)
 A = Elapsed time spent in this place.
 B = Non-inter-level travel time spent in this place.
 C = Inter-level travel time spent in this place.
 D = Time resting spent in this place.
 E = Time spent auto-exploring this place.
 F = Levels seen in this place.
 G = Mean time per level.
                   A        B        C        D        E       F      G
               +--------+--------+--------+--------+--------+-----+--------+
         Total |  11850 |  11178 |    672 |    510 |   8010 |  14 |  846.4 |
       Dungeon |  11460 |  10860 |    600 |    510 |   7695 |  13 |  881.5 |
        Temple |    390 |    319 |     71 |      0 |    315 |   1 |  390.0 |
               +--------+--------+--------+--------+--------+-----+--------+

Top non-repeatable levels by time:
     D:6: 1437 daAuts
     D:9: 1114 daAuts
     D:3: 1073 daAuts
    D:11: 1044 daAuts
    D:12: 1020 daAuts
    D:10: 990 daAuts
     D:4: 948 daAuts
     D:8: 945 daAuts
     D:7: 908 daAuts
     D:2: 835 daAuts
     D:5: 649 daAuts
     D:1: 464 daAuts
  Temple: 390 daAuts
    D:13: 29 daAuts
